 Dungeon Crawl Stone Soup version 0.25-a0-1136-gc1285e6 (webtiles) character file.

Game seed: 17113549680953006608, levelgen mode: deterministic

9459 Ayyar the Basher (level 11, -5/71 HPs)
             Began as a Gargoyle Fighter on May 22, 2020.
             Was a Believer of Okawaru.
             Killed from afar by an efreet (8 damage)
             ... with a bolt of fire
             ... on level 2 of the Abyss.
             The game lasted 01:11:20 (12628 turns).

Ayyar the Basher (Gargoyle Fighter)                Turns: 12628, Time: 01:11:21

Health: -5/71      AC: 20    Str: 23    XL:     11   Next: 46%
Magic:  0/11       EV:  7    Int: 11    God:    Okawaru [**....]
Gold:   454        SH: 11    Dex:  9    Spells: 10/10 levels left

rFire    + . .     SeeInvis .   a - +0 flail
rCold    . . .     Gourm    .   c - +0 kite shield
rNeg     + . .     Faith    .   m - +0 chain mail {rC+}
rPois    ∞         Spirit   +   t - +0 hat {MR+}
rElec    +         Reflect  .   (no cloak)
rCorr    .         Harm     .   l - +0 pair of gloves
MR       +....                  (no boots)
Stlth    ..........             h - amulet of guardian spirit
HPRegen  0.21/turn              v - ring of fire
MPRegen  0.12/turn              (no ring)

@: no status effects
A: clever 1, negative energy resistance 1, electricity resistance, unbreathing,
petrification resistance, rot immunity, sturdy frame 1, AC +8
a: Heroism, Renounce Religion


You were on level 2 of the Abyss.
You worshipped Okawaru.
Okawaru was pleased with you.
You were hungry.

You visited 3 branches of the dungeon, and saw 14 of its levels.
You visited the Abyss 1 time.
You also visited: Sewer and Ossuary.

You collected 806 gold pieces.
You spent 352 gold pieces at shops.

Inventory:

Hand Weapons
 a - a +0 flail (weapon)
 H - the +2 whip of Havoc {vorpal, *Rage +Blink +Fly rElec}
   (You found it on level 8 of the Dungeon)

   It inflicts extra damage upon your enemies.
   It insulates you from electricity.
   It lets you fly.
   It lets you blink.
   It may make you go berserk in combat.
Missiles
 i - 9 poisoned darts
 n - 22 boomerangs (quivered)
 z - 12 curare-tipped darts
 E - a datura-tipped dart
 F - 4 silver javelins
Armour
 c - a +0 kite shield (worn)
 l - a +0 pair of gloves (worn)
 m - a +0 chain mail of cold resistance (worn)
 t - a +0 hat of magic resistance (worn)
Jewellery
 g - an uncursed ring of magical power
 h - an amulet of guardian spirit (around neck)
 u - an uncursed ring of ice
 v - a ring of fire (left hand)
Wands
 d - a wand of flame (14)
 y - a wand of polymorph (4)
 G - a wand of enslavement (6)
 J - a wand of acid (5)
Scrolls
 b - a scroll of enchant armour {unknown}
 e - a scroll of identify
 j - 4 scrolls of teleportation
 o - a scroll of magic mapping
 q - 4 scrolls of fear
 s - 4 scrolls of random uselessness {unknown}
 w - a scroll of silence {unknown}
 x - a scroll of blinking {unknown}
 A - a scroll of brand weapon
 B - 6 scrolls of remove curse
 C - 2 scrolls of fog {unknown}
 D - 2 scrolls of enchant weapon {unknown}
Potions
 k - 4 potions of flight
 p - 10 potions of curing
 r - 2 potions of lignification
 I - 2 potions of mutation
 K - a potion of might
Comestibles
 f - 21 rations


   Skills:
 + Level 9.0 Fighting
 * Level 10.7 Maces & Flails
   Level 0.0 Bows
 + Level 5.1 Throwing
 + Level 8.8 Armour
 + Level 8.9 Shields


You had 10 spell levels left.
You didn't know any spells.
Your spell library contained the following spells:

 Spells                   Type           Power        Failure   Level  Hunger
 Confusing Touch          Hex            #.......     100%        3    ####...
 Gell's Gravitas          Tloc           #.........   100%        3    ####...
 Petrify                  Tmut/Erth      #.......     100%        4    #####..
 Metabolic Englaciation   Hex/Ice        #.........   100%        5    ######.
 Yara's Violent Unravell  Hex/Tmut       #.........   100%        5    ######.


Dungeon Overview and Level Annotations

Branches:
Dungeon (12/15)            Temple (1/1) D:7            Lair (1/6) D:8
    Orc (0/2) D:9           Sewer (visited)         Ossuary (visited)

Altars:
Cheibriados
Dithmenos
Fedhas
Gozag
Kikubaaqudgha
Makhleb
Nemelex Xobeh
Okawaru
Qazlal
Trog
Uskayaw
Vehumet
Wu Jian
Yredelemnul
Zin
The Shining One

Shops:
D:7 ?   D:8 (

Annotations:
D:10 Sonja


Innate Abilities, Weirdness & Mutations

You are resistant to torment.
Your stone body is resilient. (AC +8)
You are immune to poison.
You resist negative energy. (rN+)
You are resistant to electric shocks. (rElec)
You can survive without breathing.
You are immune to petrification.
You are immune to rotting.
Your mind is acute. (Int +2)
Your movements are slightly less encumbered by armour. (ER -2)


Message History

The efreet is moderately wounded.
You hit the efreet.
The efreet is heavily wounded.
The efreet hits you with a +0 scimitar of flaming!
* * * LOW HITPOINT WARNING * * *
The efreet burns you.
* * * LOW HITPOINT WARNING * * *
You feel more attuned to fire.
v - a ring of fire (left hand)
You hit the efreet.
The efreet is heavily wounded.
The efreet hits you but does no damage.
You hit the efreet but do no damage.
The efreet is heavily wounded.
The efreet hits you but does no damage.
You hit the efreet.
The efreet is heavily wounded.
The efreet gestures at you. The bolt of fire hits you! You resist.
You die...

#. . ## ... ..#. ..#..
#.. #........ ..
.###.....# ... #
####....#...# .. # .
.....#..##.## ##.## #.#
#......R#...###...###..
##..#.@.....#... . . ..
#.............. ......
#.#.#.#.....#........#.
.. ##.#...###..... . ##
# ##.## ##.#..# . ##
..###...... . .
....#....... ..
........ ..#.... .....
.#.. . ....


You could see an efreet.

Vanquished Creatures
  Gastronok (D:9)
  A two-headed ogre (D:8)
  An orc knight (D:10)
  An ugly thing (D:10)
  Maggie (D:6)
  A hippogriff (D:7)
  A wraith (D:9)
  A spriggan (D:7)
  Grum (D:11)
  A warg (D:9)
  Duvessa (D:6)
  2 porcupines (D:8)
  6 orc warriors
  3 ice beasts
  2 phantoms
  A sky beast (D:10)
  4 wolves (D:11)
  4 centaurs
  7 ogres
  4 big kobolds
  An elf zombie (Ossuary)
  9 bullfrogs
  A gnoll sergeant (D:7)
  A wyvern skeleton (D:9)
  5 scorpions
  A killer bee (D:10)
  2 howler monkeys
  2 crimson imps
  A bullfrog zombie (D:9)
  2 human zombies (Ossuary)
  5 hounds
  2 jellies
  6 orc wizards
  A bullfrog skeleton (D:10)
  A centaur skeleton (D:4)
  3 orc priests
  5 iguanas
  Natasha (D:3)
  5 worker ants
  A killer bee zombie (D:7)
  A big kobold zombie (Ossuary)
  A hound zombie (D:6)
  2 mummies (Ossuary)
  A howler monkey zombie (D:7)
  A worker ant zombie (D:9)
  5 gnolls
  14 adders
  4 river rats (Sewer)
  2 shadow imps
  An ooze (D:3)
  An adder zombie (Ossuary)
  An adder skeleton (D:7)
  6 worms
  2 dart slugs
  A leopard gecko (D:10)
  23 orcs
  A ball python (D:1)
  10 giant cockroaches
  7 goblins
  10 hobgoblins
  7 jackals
  29 kobolds
  13 quokkas
  4 bats
  6 frilled lizards
  A giant cockroach zombie (D:5)
  12 hobgoblin zombies (Ossuary)
  A jackal zombie (Ossuary)
  8 kobold zombies (Ossuary)
  8 orc zombies (Ossuary)
  10 rats
  3 rat zombies (Ossuary)
  A bush (D:6)
  3 fungi (D:8)
299 creatures vanquished.

Vanquished Creatures (collateral kills)
  Dowan (D:6)
1 creature vanquished.

Vanquished Creatures (others)
  18 fungi (D:8)
  11 plants (D:8)
29 creatures vanquished.

Grand Total: 329 creatures vanquished

Notes
Turn   | Place    | Note
-------+----------+-------------------------------------------
     0 | D:1      | Ayyar the Gargoyle Fighter began the quest for the Orb.
     0 | D:1      | Reached XP level 1. HP: 14/14 MP: 1/1
   230 | D:1      | Reached XP level 2. HP: 19/19 MP: 2/2
   785 | D:2      | Reached XP level 3. HP: 10/23 MP: 3/3
  1058 | D:2      | Found a shadowy altar of Dithmenos.
  1345 | D:2      | Noticed a centaur
  1361 | D:2      | Killed a centaur
  1361 | D:2      | Reached skill level 3 in Maces & Flails
  1361 | D:2      | Reached XP level 4. HP: 18/29 MP: 4/4
  1361 | D:2      | Reached XP level 5. HP: 20/33 MP: 5/5
  1813 | D:3      | Found a sparkling altar of Nemelex Xobeh.
  2013 | D:3      | Found an opulent altar of Gozag.
  2025 | D:3      | Noticed Natasha
  2037 | D:3      | Killed Natasha
  2571 | D:4      | Reached skill level 4 in Maces & Flails
  2571 | D:4      | Reached XP level 6. HP: 32/39 MP: 6/6
  2631 | D:4      | Found a glowing drain.
  2651 | Sewer    | Entered a sewer
  2963 | Sewer    | Found a white marble altar of Elyvilon.
  3258 | D:4      | Reached XP level 7. HP: 33/44 MP: 7/7
  3447 | D:4      | Found a sparkling altar of Nemelex Xobeh.
  3451 | D:4      | Found an ornate altar of the Wu Jian Council.
  3493 | D:4      | Found a snail-covered altar of Cheibriados.
  3494 | D:4      | Found a radiant altar of Vehumet.
  3593 | D:4      | Reached skill level 5 in Fighting
  3593 | D:4      | Reached skill level 5 in Maces & Flails
  3593 | D:4      | Reached skill level 5 in Armour
  3835 | D:4      | Reached skill level 5 in Shields
  3952 | D:5      | Entered Level 5 of the Dungeon
  4003 | D:5      | Found a basalt altar of Yredelemnul.
  4256 | D:5      | HP: 2/44 [quokka (2)]
  4267 | D:5      | Reached XP level 8. HP: 18/50 MP: 8/8
  4843 | D:6      | Noticed Duvessa
  4843 | D:6      | Noticed Dowan
  5102 | D:6      | Found a blossoming altar of Fedhas.
  5115 | D:6      | Reached skill level 6 in Maces & Flails
  5315 | D:6      | Gained mutation: Your movements are slightly less
                  | encumbered by armour. (ER -2) [potion of mutation]
  5315 | D:6      | Gained mutation: Your mind is acute. (Int +2) [potion of
                  | mutation]
  5648 | D:6      | Killed Dowan
  5656 | D:6      | Killed Duvessa
  5867 | D:6      | Noticed Maggie
  5900 | D:6      | Killed Maggie
  5900 | D:6      | Reached skill level 7 in Maces & Flails
  6202 | D:6      | Reached XP level 9. HP: 53/56 MP: 9/9
  6357 | D:6      | Reached skill level 1 in Throwing
  7267 | D:7      | Reached skill level 8 in Maces & Flails
  7303 | D:7      | Found a staircase to the Ecumenical Temple.
  7348 | D:7      | Found a sand-covered staircase.
  7358 | Ossuary  | Entered an ossuary
  7834 | D:7      | Found Hulikhlys's Magic Scroll Shoppe.
  7847 | D:7      | Bought a scroll of brand weapon for 300 gold pieces
  7847 | D:7      | Bought a scroll of fear for 52 gold pieces
  7951 | D:7      | Found a glowing golden altar of the Shining One.
  8118 | D:8      | Found a staircase to the Lair.
  8580 | D:7      | Reached XP level 10. HP: 52/63 MP: 10/10
  8833 | D:8      | Identified the +2 whip of Havoc {vorpal, *Rage +Blink +Fly
                  | rElec} (You found it on level 8 of the Dungeon)
  9010 | D:8      | Reached skill level 9 in Maces & Flails
  9309 | Temple   | Entered the Ecumenical Temple
  9333 | Temple   | Became a worshipper of Warmaster Okawaru
  9553 | D:8      | Noticed a two-headed ogre
  9566 | D:8      | Killed a two-headed ogre
  9714 | D:8      | Found Cyobump's Antique Weapon Shoppe.
  9942 | D:9      | Noticed Gastronok
  9970 | Lair:1   | Entered Level 1 of the Lair of Beasts
 10039 | D:9      | Upgraded the game from 0.25-a0-1133-g93ebf73 to
                  | 0.25-a0-1136-gc1285e6
 10065 | D:9      | You fall into a shaft and drop 3 floors!
 10076 | D:12     | Noticed a two-headed ogre
 10147 | D:11     | Noticed Grum
 10167 | D:11     | Reached * piety under Okawaru
 10174 | D:11     | Killed Grum
 10430 | D:10     | Entered Level 10 of the Dungeon
 10605 | D:9      | Reached skill level 10 in Maces & Flails
 10930 | D:9      | Reached XP level 11. HP: 43/69 MP: 7/11
 11223 | D:9      | Found a staircase to the Orcish Mines.
 11404 | D:9      | Killed Gastronok
 11404 | D:9      | Reached ** piety under Okawaru
 11936 | D:10     | Noticed a red ugly thing
 11950 | D:10     | Noticed an orc knight
 11956 | D:10     | Killed a red ugly thing
 12192 | D:10     | Killed an orc knight
 12192 | D:10     | Reached skill level 5 in Throwing
 12202 | D:10     | HP: 5/103 [orc warrior/+0 halberd (4)]
 12567 | D:10     | Noticed Sonja
 12590 | D:10     | Cast into level 2 of the Abyss (Sonja)
 12624 | Abyss:2  | HP: 3/71 [efreet/+0 scimitar of flaming (4)]
 12628 | Abyss:2  | Killed from afar by an efreet

Illustrated notes

Levels and vault maps discovered:
D:1:      lemuel_arrival_muddy, layout_rooms, minmay_tiny_reverse_x
D:2:      layout_basic, old_standard_altar
D:3:      layout_basic, grunt_gozag_statues, first_ration,
          kennysheep_pointless_box, nemelex_spade_bored_becter, uniq_natasha
D:4:      layout_loops_ring, nicolae_overflow_hidden_temple,
          portal_sewer_entry_a
D:5:      layout_rooms, yredelemnul_altar_generic, minmay_fractal_squares_5
D:6:      layout_gridville, fedhas_bush_and_centaur_altar, uniq_duvessa,
          uniq_maggie
D:7:      layout_loops_cross, tso_oasis_becter,
          minmay_temple_entry_from_below_b, serial_shops, shop, enter_ossuary_3,
          the_bakery
D:8:      layout_loops_ring, due_lair_maze_entry_diamond, serial_shops,
          shop_fountains
D:9:      layout_basic, erik_orc_3, uniq_gastronok
D:10:     layout_loops_cross, minmay_ruined_shrine, uniq_sonja, uniq_erolcha
D:11:     erik_rubicon_a, layout_basic, uniq_grum
D:12:     gammafunk_beogh_shrine, layout_gridville, palyth_stone_intersect,
          uniq_azrael
Temple:   dshaligram_water_room_temple
Lair:1:   layout_chaotic_city, serial_bayou_shore_b, infiniplex_staircase_pool
Abyss:2:  base:
D:10

Skill      XL: |  1  2  3  4  5  6  7  8  9 10 11 |
---------------+----------------------------------+-----
Fighting       | 4 5 6 7 8 9 |  9.0
Maces & Flails | 3 4 5 7 8 10 | 10.7
Armour         | 4 5 6 7 8 |  8.8
Shields        | 4 5 6 7 8 |  8.9
Throwing       | 2 4 5 |  5.1

Action                   |  1- 3 |  4- 6 |  7- 9 | 10-12 || total
-------------------------+-------+-------+-------+-------++-------
Melee: Flail             |   176 |   163 |   670 |   350 ||  1359
       Whip              |       |       |       |    56 ||    56
Throw: Dart              |       |     1 |     6 |     5 ||    12
       Javelin           |       |       |    19 |    23 ||    42
       Boomerang         |       |       |     9 |    57 ||    66
Invok: Heroism           |       |       |       |     1 ||     1
Evoke: Wand              |       |       |       |     6 ||     6
  Use: Potion            |       |       |    10 |     3 ||    13
       Scroll            |       |       |     5 |     6 ||    11
  Eat: Chunk             |     2 |     4 |    10 |     8 ||    24
       Ration            |       |     1 |     2 |     2 ||     5
Armor: Scale mail        |   104 |    72 |   342 |   114 ||   632
       Skin              |       |       |    14 |    13 ||    27
       Chain mail        |       |       |       |    34 ||    34
Dodge: Dodged            |    65 |    41 |   206 |   124 ||   436
Block: Kite shield       |   105 |    63 |   363 |   222 ||   753

Table legend:
 A = Non-vault XP
 B = Vault XP
 C = Vault XP percentage of total XP
 D = Non-vault monster count
 E = Vault monster count
 F = Vault count percentage of total count
                 A         B        C        D         E       F
            +---------+---------+-------+---------+---------+-------
      Total |    6119 |    7395 |  54.7 |     188 |     108 |  36.5
            +---------+---------+-------+---------+---------+-------
        D:1 |      27 |       2 |   6.9 |      16 |       2 |  11.1
        D:2 |     164 |       0 |   0.0 |      25 |       0 |   0.0
        D:3 |      57 |      35 |  38.0 |      19 |       1 |   5.0
        D:4 |     431 |      10 |   2.3 |      15 |       6 |  28.6
        D:5 |     248 |     175 |  41.4 |      12 |       4 |  25.0
        D:6 |     734 |     715 |  49.3 |      28 |       4 |  12.5
        D:7 |    1354 |     470 |  25.8 |      27 |       4 |  12.9
        D:8 |    1860 |     517 |  21.8 |      24 |       5 |  17.2
        D:9 |     521 |    2746 |  84.1 |       9 |      17 |  65.4
       D:10 |     270 |    1603 |  85.6 |       5 |       8 |  61.5
       D:11 |     453 |     672 |  59.7 |       8 |       5 |  38.5
      Sewer |       0 |     164 | 100.0 |       0 |      13 | 100.0
    Ossuary |       0 |     286 | 100.0 |       0 |      39 | 100.0
            +---------+---------+-------+---------+---------+-------
